 Dungeon Crawl Stone Soup version 0.25-a0-294-gea9b1ad378 (webtiles) character file.

Game seed: 1562656059683933652, levelgen mode: classic

4341 Borgoz the Protected (level 10, -12/63 HPs)
             Began as a Gargoyle Berserker on Dec 18, 2019.
             Was a High Priest of Trog.
             Mangled by a two-headed ogre
             ... wielding a +0 giant club
              (18 damage)
             ... on level 8 of the Dungeon.
             The game lasted 00:12:54 (9068 turns).

Borgoz the Protected (Gargoyle Berserker)           Turns: 9068, Time: 00:12:54

Health: -12/63     AC: 15    Str: 22    XL:     10   Next: 33%
Magic:  10/10      EV: 13    Int:  7    God:    Trog [*****.]
Gold:   384        SH:  0    Dex: 12    Spells: 9/9 levels left

rFire    . . .     SeeInvis .   a - +0 mace
rCold    . . .     Gourm    .   (no shield)
rNeg     + . .     Faith    .   o - +0 ring mail
rPois    ∞         Spirit   .   (no helmet)
rElec    +         Reflect  .   v - +0 cloak
rCorr    .         Harm     +   (no gloves)
MR       .....                  (no boots)
Stlth    +.........             j - amulet of harm
HPRegen  0.20/turn              (no ring)
MPRegen  0.12/turn              (no ring)

@: berserk cooldown, slowed, very slow
A: negative energy resistance 1, electricity resistance, unbreathing,
petrification resistance, rot immunity, AC +7
a: Berserk, Trog's Hand, Brothers in Arms, Renounce Religion


You were on level 8 of the Dungeon.
You worshipped Trog.
Trog was extremely pleased with you.
You were not hungry.

You visited 1 branch of the dungeon, and saw 8 of its levels.
You also visited: Sewer.

You collected 412 gold pieces.
You spent 28 gold pieces at shops.

Inventory:

Hand Weapons
 a - a +0 mace (weapon)
Armour
 o - a +0 ring mail (worn)
 v - a +0 cloak (worn)
Jewellery
 j - an amulet of harm (around neck)
 m - an uncursed amulet of the gourmand
Wands
 p - a wand of polymorph (5)
 r - a wand of flame (19)
 t - a wand of iceblast (5)
 w - a wand of enslavement (14)
Scrolls
 b - a scroll of fear
 d - 3 scrolls of blinking {unknown}
 e - a scroll of enchant weapon
 g - 6 scrolls of remove curse {unknown}
 h - 2 scrolls of random uselessness {unknown}
 i - 2 scrolls of teleportation {unknown}
 n - 3 scrolls of enchant armour {unknown}
 q - 4 scrolls of magic mapping {unknown}
 u - a scroll of immolation {unknown}
Potions
 f - 2 potions of heal wounds
 k - 2 potions of invisibility
 s - a potion of curing {unknown}
Comestibles
 c - 19 rations


   Skills:
 + Level 7.4 Fighting
 * Level 9.1 Maces & Flails
 * Level 9.5 Armour
 + Level 5.2 Dodging


You had 9 spell levels left.
You didn't know any spells.
Your spell library was empty.

Dungeon Overview and Level Annotations

Branches:
Dungeon (8/15)             Temple (0/1) D:6           Sewer (visited)
   Lair: D:8-11

Altars:
Gozag
Kikubaaqudgha
Okawaru
Qazlal
Ru
Sif Muna
Trog
Yredelemnul

Shops:
D:4 ?   D:5 =


Innate Abilities, Weirdness & Mutations

You are resistant to torment.
Your stone body is resilient. (AC +7)
You are immune to poison.
You resist negative energy. (rN+)
You are resistant to electric shocks. (rElec)
You can survive without breathing.
You are immune to petrification.
You are immune to rotting.


Message History

Press: ? - help, Shift-Dir - straight line, f/p - two-headed ogre
Aim: a two-headed ogre, wielding two +0 giant clubs (lightly wounded)
The mass of ice explodes!
The iceblast engulfs the two-headed ogre!
The two-headed ogre is heavily wounded.
You hear a shout!
An orc comes into view. It is wielding a +0 short sword.
Okay, then.
You hit the two-headed ogre.
The two-headed ogre is heavily wounded.
The two-headed ogre hits you with a +0 giant club!
The two-headed ogre hits you with a +0 giant club!!
* * * LOW HITPOINT WARNING * * *
You hit the two-headed ogre but do no damage.
The two-headed ogre is heavily wounded.
The two-headed ogre barely misses you. The two-headed ogre misses you.
The two-headed ogre hits you with a +0 giant club.
* * * LOW HITPOINT WARNING * * *
The two-headed ogre hits you with a +0 giant club!
You die...

... #.########## .
###.#..'....(# ..
#..o#).#.....# .....
#...#+###'''##
......#...#.≈P.....#
......'...#P≈≈..P..# .....
#..O#≈≈P÷)...#
......###@#P≈).....#
......###†#PP≈.≈.≈.######
..........#####.####....#
....[........[..........##
.%.......................#
.......##......##........#
.......##......##........#
.......#......>##.......##
.......#.......##########


You could see a two-headed ogre and an orc.

Vanquished Creatures
  A hydra (D:8)
  2 dream sheep (D:8)
  2 yaks (D:8)
  A sky beast (D:5)
  An ogre (D:4)
  4 phantoms
  3 centaurs
  3 big kobolds (D:8)
  4 bullfrogs
  A scorpion (D:8)
  6 killer bees (D:8)
  A vampire bat (D:6)
  5 howler monkeys
  4 crimson imps
  A jelly (D:6)
  4 hounds
  4 orc priests
  5 orc wizards
  Ijyb (D:5)
  A bullfrog skeleton (D:6)
  Crazy Yiuf (D:6)
  Jessica (D:3)
  4 worker ants
  An iguana (D:4)
  A hound skeleton (D:6)
  A hound zombie (D:6)
  14 adders
  5 gnolls
  2 shadow imps
  17 oozes
  An adder zombie (D:8)
  An adder skeleton (D:6)
  2 worms (D:3)
  14 leopard geckos
  23 orcs
  14 giant cockroaches
  15 goblins
  12 hobgoblins
  2 jackals (D:2)
  8 kobolds
  2 quokkas (D:2)
  12 ball pythons (Sewer)
  13 bats
  13 frilled lizards
  8 rats
241 creatures vanquished.

Notes
Turn   | Place    | Note
-------+----------+-------------------------------------------
     0 | D:1      | Borgoz the Gargoyle Berserker began the quest for the Orb.
     0 | D:1      | Reached XP level 1. HP: 14/14 MP: 1/1
   352 | D:1      | Reached XP level 2. HP: 19/19 MP: 2/2
  1149 | D:2      | Reached XP level 3. HP: 20/23 MP: 3/3
  1274 | D:2      | Reached ** piety under Trog
  1992 | D:2      | Reached XP level 4. HP: 27/28 MP: 4/4
  2107 | D:2      | Found a bloodstained altar of Trog.
  2314 | D:3      | Found an iron altar of Okawaru.
  2427 | D:3      | Found a glowing drain.
  2434 | Sewer    | Entered a sewer
  2445 | Sewer    | Reached XP level 5. HP: 33/33 MP: 5/5
  2564 | Sewer    | Reached *** piety under Trog
  3017 | Sewer    | Reached XP level 6. HP: 24/38 MP: 6/6
  3237 | Sewer    | Reached **** piety under Trog
  3395 | Sewer    | Reached skill level 5 in Maces & Flails
  3765 | D:3      | Reached XP level 7. HP: 44/44 MP: 7/7
  3777 | D:3      | Noticed Jessica
  3795 | D:3      | Killed Jessica
  3838 | D:3      | Reached skill level 5 in Armour
  4170 | D:3      | Found an opulent altar of Gozag.
  4179 | D:3      | Found an ancient bone altar of Kikubaaqudgha.
  4395 | D:4      | Found a stormy altar of Qazlal.
  4718 | D:4      | Found a shimmering blue altar of Sif Muna.
  4776 | D:4      | Reached skill level 5 in Fighting
  4802 | D:4      | Found Unuontid's Magic Scroll Emporium.
  4805 | D:4      | Bought a scroll of identify for 28 gold pieces
  5060 | D:4      | Reached XP level 8. HP: 49/49 MP: 8/8
  5466 | D:5      | Entered Level 5 of the Dungeon
  5785 | D:5      | Found a sacrificial altar of Ru.
  5787 | D:5      | Noticed Ijyb
  5794 | D:5      | Killed Ijyb
  6161 | D:5      | Found a basalt altar of Yredelemnul.
  6472 | D:5      | Found Unteogag's Jewellery Shoppe.
  6675 | D:6      | Reached ***** piety under Trog
  6675 | D:6      | Received a gift from Trog
  6780 | D:6      | Reached XP level 9. HP: 12/55 MP: 9/9
  7186 | D:6      | Found a staircase to the Ecumenical Temple.
  7675 | D:6      | Found a runed translucent door.
  7676 | D:6      | Noticed Crazy Yiuf
  8009 | D:6      | Killed Crazy Yiuf
  8849 | D:8      | Noticed a three-headed hydra
  8856 | D:8      | Killed a three-headed hydra
  8856 | D:8      | Reached skill level 5 in Dodging
  8856 | D:8      | Reached XP level 10. HP: 58/63 MP: 10/10
  9014 | D:8      | Received a gift from Trog
  9062 | D:8      | Noticed a two-headed ogre
  9068 | D:8      | Mangled by a two-headed ogre

Levels and vault maps discovered:
D:1:      lightli_arrival_chessboard, layout_basic, kennysheep_minor_cross,
          minmay_tree_intersection
D:2:      layout_loops_cross, lightli_temple_of_fire
D:3:      layout_loops_ring, okawaru_trees_1, lemuel_doored_altar,
          kiku_gazebo_garden_becter, portal_sewer_entry_e, first_ration,
          uniq_jessica
D:4:      layout_layer_cave, nicolae_overflow_crystal_walls, marbit_many_paths,
          serial_shops, shop, hangedman_minor_gate_pass
D:5:      layout_loops_corners, lemuel_coloured_pillars_altar,
          kennysheep_little_box, serial_shops, nicolae_shop_waterfront,
          hangedman_decor_clover_reticule, uniq_ijyb
D:6:      layout_basic, minmay_temple_entry_tees, roderic_batcave, minivault_24,
          minmay_misc_feat_alley, uniq_crazy_yiuf_cottage
D:7:      layout_cave_pools, minmay_misc_feat_encased
D:8:      layout_gridville, due_lair_maze_entry_diamond, hangedman_ranch
          [blue_anna_fruit_fields]

Skill      XL: |  1  2  3  4  5  6  7  8  9 10 |
---------------+-------------------------------+-----
Armour         | 3 4 5 7 9 |  9.5
Dodging        | 2 3 4 5 |  5.2
Maces & Flails | 4 5 7 8 9 |  9.1
Fighting       | 4 5 7 |  7.4

Action                   |  1- 3 |  4- 6 |  7- 9 | 10-12 || total
-------------------------+-------+-------+-------+-------++-------
Melee: Mace              |   146 |   366 |   569 |    49 ||  1130
Throw: Throwing net      |       |       |     1 |       ||     1
Invok: Berserk           |       |     2 |     8 |     1 ||    11
       Trog's Hand       |       |       |     3 |       ||     3
Evoke: Wand              |       |       |       |     2 ||     2
  Use: Scroll            |       |       |     5 |       ||     5
       Potion            |       |       |     1 |       ||     1
 Stab: Held in net/web   |       |       |     1 |       ||     1
  Eat: Chunk             |    13 |    14 |    16 |       ||    43
       Ration            |       |       |       |     1 ||     1
Armor: Animal skin       |    46 |       |       |       ||    46
       Ring mail         |    18 |   300 |   301 |    44 ||   663
Dodge: Dodged            |   121 |   404 |   420 |    69 ||  1014

Table legend:
 A = Non-vault XP
 B = Vault XP
 C = Vault XP percentage of total XP
 D = Non-vault monster count
 E = Vault monster count
 F = Vault count percentage of total count
                 A         B        C        D         E       F
            +---------+---------+-------+---------+---------+-------
      Total |    3247 |    2955 |  47.6 |     155 |      86 |  35.7
            +---------+---------+-------+---------+---------+-------
        D:1 |      31 |       0 |   0.0 |      19 |       0 |   0.0
        D:2 |      59 |       0 |   0.0 |      26 |       0 |   0.0
        D:3 |     240 |      37 |  13.4 |      37 |       1 |   2.6
        D:4 |     303 |     175 |  36.6 |      10 |       5 |  33.3
        D:5 |     537 |      40 |   6.9 |      12 |       1 |   7.7
        D:6 |    1103 |     103 |   8.5 |      34 |       8 |  19.0
        D:7 |     379 |       0 |   0.0 |       7 |       0 |   0.0
        D:8 |     595 |    2170 |  78.5 |      10 |       8 |  44.4
      Sewer |       0 |     430 | 100.0 |       0 |      63 | 100.0
            +---------+---------+-------+---------+---------+-------
